Map: [G8] Babylon

Players

Classic - Winner!

  • Race: Protoss Protoss
  • Spawn Location: 5:00

Serral

  • Race: Zerg Zerg
  • Spawn Location: 11:00

Event: Gamers8 2023

VOD

Have the link to the VOD?

Description

Time

  • Played on: Aug. 4, 2023, 10:40 a.m.
  • Length: 25:55

All games in this series

Show
View Real Time Build Order
Export as new Build Order

Classic Protoss - Winner!

Build Orders: 1 Gate Expand, Oracle Opening 

Get SALT Encoding   

  12  0:00  Probe  
  13  0:12  Probe  
  14  0:17  Pylon  
  14  0:24  Probe (Chrono Boost)  
  15  0:36  Probe (Chrono Boost)  
  15  0:38  Gateway  
  16  0:45  Probe (Chrono Boost)  
  16  0:46  Assimilator  
  17  0:51  Probe  
  18  1:03  Probe  
  19  1:15  Probe  
  20  1:25  Nexus  
  20  1:27  Probe  
  21  1:38  Cybernetics Core  
  21  1:41  Probe  
  22  1:48  Assimilator  
  22  1:53  Pylon  
  22  1:56  Probe  
  23  2:11  Probe  
  23  2:12  Adept (Chrono Boost)  
  26  2:17  Stargate  
  26  2:23  Probe  
  26  2:25  Warp Gate  
  27  2:35  Adept, Probe (Chrono Boost)  
  30  2:37  Probe (Chrono Boost)  
  31  2:46  Probe x2 (Chrono Boost)  
  31  2:50  Probe (Chrono Boost)  
  33  2:51  Probe (Chrono Boost)  
  35  3:00  Oracle (Chrono Boost)  
  35  3:02  Probe  
  35  3:03  Probe  
  40  3:07  Pylon  
  40  3:15  Probe x2  
  42  3:25  Gateway  
  42  3:27  Probe x2  
  42  3:28  Oracle (Chrono Boost)  
  47  3:39  Probe  
  47  3:40  Probe  
  49  3:45  Nexus  
  49  3:48  Pylon  
  49  3:52  Probe x2  
  51  3:57  Assimilator  
  51  3:59  Oracle (Chrono Boost)  
  54  4:04  Assimilator  
  54  4:06  Probe x2  
  56  4:11  Pylon  
  56  4:18  Probe x2  
  56  4:24  Adept x2  
  62  4:29  Twilight Council  
  62  4:30  Probe x2  
  64  4:32  Forge  
  64  4:41  Gateway x2  
  64  4:43  Probe x2  
  66  4:54  Gateway  
  66  4:55  Gateway  
  66  4:57  Probe x2  
  68  5:00  Stalker  
  68  5:04  Blink  
  70  5:08  Protoss Ground Weapons Level 1 (Chrono Boost)  
  70  5:11  Probe x2 (Chrono Boost)  
  73  5:15  Probe (Chrono Boost)  
  73  5:24  Probe x2 (Chrono Boost)  
  73  5:26  Probe (Chrono Boost)  
  76  5:28  Assimilator  
  76  5:29  Robotics Facility  
  76  5:32  Pylon, Probe x2  
  78  5:36  Probe  
  78  5:41  Assimilator  
  78  5:42  Pylon  
  79  5:44  Probe x2  
  79  5:48  Probe  
  82  5:54  Pylon  
  82  5:56  Probe  
  83  6:00  Probe  
  83  6:01  Probe  
  83  6:03  Photon Cannon  
  85  6:08  Probe  
  86  6:14  Stalker x4  
  86  6:17  Forge  
  94  6:19  Stalker x2  
  94  6:20  Pylon  
  94  6:22  Probe x3  
  100  6:30  Robotics Bay  
  100  6:31  Observer  
  101  6:35  Nexus  
  101  6:38  Pylon  
  101  6:39  Robotics Facility  
  97  6:42  Pylon, Probe x3  
  100  6:47  Templar Archives  
  100  6:55  Gateway  
  100  6:56  Gateway  
  100  7:00  Stalker x2  
  104  7:06  Shield Battery  
  104  7:07  Protoss Ground Weapons Level 2 (Chrono Boost), Protoss Ground Armor Level 1 (Chrono Boost), Probe x3  
  107  7:19  Probe  
  107  7:22  Probe x2  
  110  7:25  Colossus (Chrono Boost)  
  110  7:26  Colossus (Chrono Boost)  
  122  7:30  Stalker x2  
  122  7:33  Extended Thermal Lance  
  122  7:36  Pylon  
  126  7:39  Pylon  
  126  7:43  Assimilator  
  126  7:44  Assimilator  
  126  7:52  Gateway, Probe x2  
  126  7:53  Probe x2  
  126  7:56  Pylon  
  130  8:06  High Templar  
  130  8:07  High Templar  
  130  8:12  Colossus  
  140  8:16  Colossus  
  140  8:19  Archon  
  146  8:21  Stalker x5  
  146  8:23  Shield Battery  
  146  8:26  Stalker  
  158  8:30  Pylon  
  158  8:34  Gateway x2  
  158  8:38  Photon Cannon  
  158  8:40  Photon Cannon  
  158  8:45  Photon Cannon, Stalker x4  
  158  8:48  Photon Cannon  
  164  8:55  Stalker x2  
  164  8:56  Stalker x2  
  138  9:11  Stalker x4  
  138  9:12  Colossus (Chrono Boost)  
  142  9:18  Observer  
  142  9:20  Protoss Ground Armor Level 2 (Chrono Boost)  
  142  9:22  Protoss Ground Weapons Level 3 (Chrono Boost)  
  138  9:30  Gateway  
  138  9:32  Probe  
  139  9:40  Shield Battery  
  139  9:41  Pylon  
  139  9:43  Immortal (Chrono Boost)  
  140  9:48  High Templar x2  
  147  9:53  Archon  
  147  9:55  Stalker x4  
  147  9:58  Immortal (Chrono Boost)  
  147  9:59  Shield Battery  
  159  10:00  Pylon  
  159  10:02  Pylon  
  159  10:06  Stalker  
  155  10:16  Stalker  
  155  10:20  Stalker  
  138  10:27  Immortal  
  129  10:28  Probe (Chrono Boost)  
  135  10:35  Immortal  
  135  10:40  Probe (Chrono Boost)  
  135  10:42  Shield Battery  
  135  10:47  Probe  
  135  10:49  High Templar x3  
  142  10:50  High Templar  
  142  10:53  Archon  
  142  10:54  Archon  
  144  10:58  Stalker  
  144  10:59  Probe (Chrono Boost)  
  148  11:05  Probe (Chrono Boost)  
  148  11:06  Immortal  
  148  11:10  Probe (Chrono Boost)  
  148  11:11  High Templar x2, Probe x2 (Chrono Boost)  
  155  11:12  Stalker  
  155  11:13  Pylon  
  155  11:15  Immortal, Probe (Chrono Boost)  
  155  11:16  Archon  
  166  11:25  Probe  
  145  11:26  Probe  
  146  11:36  Stalker  
  146  11:37  Stalker x5  
  146  11:38  Probe (Chrono Boost)  
  156  11:46  High Templar x2  
  163  11:48  Probe x2 (Chrono Boost)  
  163  11:49  Probe (Chrono Boost)  
  163  11:50  Probe (Chrono Boost)  
  163  11:51  Archon  
  164  12:02  High Templar x2, Stalker x2  
  164  12:07  Archon, Stalker x2  
  176  12:21  Pylon  
  176  12:23  Pylon, Probe (Chrono Boost)  
  177  12:33  Probe (Chrono Boost)  
  140  12:37  Stalker x4  
  140  12:38  Probe (Chrono Boost)  
  123  12:44  Stalker x2  
  123  12:50  High Templar x2  
  132  12:53  Probe (Chrono Boost)  
  132  12:54  Probe (Chrono Boost)  
  132  12:57  Archon  
  133  13:02  Probe (Chrono Boost)  
  133  13:05  High Templar x2, Stalker x2  
  138  13:07  Probe (Chrono Boost)  
  138  13:09  Zealot  
  138  13:10  Archon  
  138  13:12  Zealot  
  147  13:19  Probe  
  148  13:23  Stalker  
  148  13:25  Shield Battery  
  148  13:26  Pylon  
  150  13:28  High Templar x2  
  150  13:32  Probe (Chrono Boost)  
  150  13:33  Archon  
  155  13:35  Photon Cannon  
  155  13:39  High Templar x2  
  155  13:41  Probe (Chrono Boost)  
  160  13:44  Archon  
  160  13:46  Probe (Chrono Boost)  
  161  13:50  High Templar  
  161  13:51  High Templar, Stalker  
  167  13:55  Archon  
  167  13:58  Probe  
  168  14:05  High Templar x2  
  170  14:14  Archon, Stalker x3  
  170  14:17  Photon Cannon  
  170  14:18  Immortal (Chrono Boost)  
  170  14:20  Photon Cannon  
  178  14:28  Stalker x3  
  184  14:32  Shield Battery  
  184  14:35  Probe  
  185  14:38  Protoss Ground Armor Level 3 (Chrono Boost)  
  185  14:39  Stalker x3  
  185  14:42  Psionic Storm  
  191  14:47  Probe  
  192  14:58  Nexus  
  192  14:59  Probe  
  193  15:04  Colossus (Chrono Boost)  
  195  15:11  High Templar x2  
  199  15:15  Pylon  
  198  15:24  Photon Cannon, High Templar  
  198  15:26  Photon Cannon  
  198  15:28  Photon Cannon  
  200  15:29  Photon Cannon  
  200  15:31  Photon Cannon  
  200  15:36  High Templar  
  200  15:51  Pylon  
  200  15:52  Gateway  
  200  15:54  Gateway  
  200  16:02  Pylon  
  200  16:06  Nexus  
  200  16:32  Photon Cannon  
  200  16:33  Photon Cannon  
  200  16:35  Photon Cannon  
  200  16:37  Photon Cannon  
  200  16:39  Photon Cannon  
  200  16:41  Shield Battery  
  184  16:52  Colossus x2 (Chrono Boost), Archon  
  132  16:54  Stalker x8  
  160  17:08  Probe x4  
  164  17:20  Stalker x8  
  152  17:34  Probe x5  
  152  17:35  Assimilator  
  157  17:43  Assimilator  
  157  17:45  Immortal x2 (Chrono Boost), High Templar x4  
  157  17:50  Stalker  
  157  17:51  Stalker x2  
  177  17:54  Stalker  
  181  18:05  Shield Battery  
  181  18:21  High Templar  
  181  18:22  High Templar x3  
  181  18:24  Observer (Chrono Boost)  
  181  18:25  Archon x2  
  190  18:27  Stalker x3  
  190  18:29  Stalker  
  198  18:34  Photon Cannon  
  198  18:36  Photon Cannon  
  198  18:39  Photon Cannon  
  179  18:52  Immortal x2 (Chrono Boost)  
  179  19:04  Zealot  
  179  19:05  Zealot x4  
  179  19:06  High Templar x2  
  183  19:23  Pylon  
  182  19:25  Immortal x2 (Chrono Boost)  
  189  19:33  Pylon  
  189  19:42  Zealot  
  189  19:43  Zealot x2  
  189  19:45  Zealot  
  197  19:50  Zealot  
  197  19:51  Zealot  
  199  19:55  Zealot  
  189  20:00  Observer x2  
  184  20:15  High Templar x2  
  184  20:19  Archon  
  184  20:20  Zealot x4  
  194  20:31  Zealot x2  
  195  20:43  Pylon  
  195  20:49  Nexus  
  195  20:58  Gateway  
  195  20:59  Charge (Chrono Boost)  
  195  21:06  Pylon  
  161  21:36  Zealot x7  
  113  21:46  Immortal x2 (Chrono Boost)  
  106  22:26  Immortal (Chrono Boost)  
  110  22:46  Immortal (Chrono Boost)  
  111  23:14  Observer  
  99  24:05  Observer  
  93  24:14  Archon  
  69  24:55  Zealot  
  69  24:57  Zealot  
Show
View Real Time Build Order
Export as new Build Order

Serral Zerg 

Build Orders: Hatch First 

Get SALT Encoding   

  12  0:00  Drone  
  13  0:12  Overlord  
  13  0:16  Drone  
  14  0:30  Drone  
  14  0:31  Drone  
  16  0:47  Hatchery  
  15  0:50  Drone  
  15  0:55  Drone  
  17  0:58  Drone  
  18  1:09  Extractor  
  17  1:13  Spawning Pool  
  17  1:16  Drone  
  17  1:21  Drone  
  18  1:29  Drone  
  19  1:39  Drone  
  20  1:49  Overlord  
  20  2:00  Queen  
  20  2:01  Queen  
  24  2:02  Zergling x4  
  26  2:09  Metabolic Boost  
  26  2:11  Drone  
  26  2:13  Drone  
  28  2:21  Drone x2  
  30  2:35  Hatchery  
  29  2:38  Drone  
  29  2:40  Drone  
  31  2:44  Overlord  
  31  2:50  Queen  
  33  2:53  Drone  
  33  2:55  Drone  
  33  2:58  Drone  
  36  3:04  Queen  
  38  3:08  Overlord  
  38  3:14  Drone x2  
  38  3:17  Drone x2  
  38  3:18  Drone  
  43  3:24  Drone  
  43  3:26  Queen  
  45  3:30  Drone  
  46  3:35  Overlord  
  46  3:39  Queen  
  48  3:44  Drone  
  48  3:45  Drone  
  48  3:48  Zergling x6  
  53  3:49  Zergling x2  
  53  3:50  Spore Crawler  
  53  3:52  Spore Crawler  
  53  3:55  Drone  
  53  3:57  Drone x2  
  53  3:59  Drone  
  56  4:04  Overlord  
  56  4:05  Drone  
  56  4:09  Drone x2  
  59  4:10  Drone  
  59  4:16  Drone x3  
  63  4:19  Overlord  
  63  4:22  Drone x2  
  65  4:33  Overlord  
  65  4:34  Drone x3  
  65  4:38  Overlord, Zergling x2  
  69  4:41  Drone x2, Roach Warren  
  69  4:43  Drone  
  71  4:48  Zergling x2  
  71  4:51  Drone x2  
  74  4:53  Drone  
  74  4:55  Lair  
  74  4:57  Extractor  
  74  4:58  Drone x2  
  74  4:59  Drone x3  
  79  5:06  Overlord  
  79  5:08  Drone  
  79  5:10  Hatchery, Drone  
  79  5:11  Drone  
  81  5:17  Drone x2  
  81  5:18  Extractor  
  81  5:19  Drone x4  
  81  5:20  Evolution Chamber  
  85  5:22  Overlord  
  85  5:24  Drone  
  85  5:25  Drone  
  87  5:28  Spore Crawler  
  87  5:29  Overlord  
  87  5:30  Zergling x4  
  87  5:34  Zergling x4  
  90  5:38  Overlord  
  90  5:41  Extractor  
  89  5:44  Zergling x6  
  89  5:47  Zerg Melee Weapons Level 1  
  89  5:49  Zergling x6  
  95  5:52  Hatchery  
  95  5:53  Glial Reconstitution  
  95  5:55  Overlord  
  94  6:00  Zergling x6  
  94  6:01  Zergling x2  
  94  6:02  Overseer, Overlord  
  98  6:07  Drone x6  
  98  6:10  Drone  
  98  6:11  Extractor  
  104  6:15  Baneling Nest  
  103  6:18  Overlord  
  103  6:20  Drone x2  
  103  6:22  Drone x6  
  103  6:24  Overlord  
  110  6:30  Drone x2  
  112  6:34  Extractor, Overlord  
  112  6:35  Drone x2  
  112  6:36  Drone x2  
  114  6:42  Queen  
  114  6:45  Overlord  
  122  6:47  Roach x3  
  122  6:48  Overseer  
  122  6:49  Roach  
  122  6:50  Roach x2  
  128  6:56  Overlord  
  128  6:59  Centrifugal Hooks  
  128  7:01  Overlord  
  128  7:02  Roach x5  
  128  7:07  Overlord  
  138  7:09  Roach x5  
  147  7:15  Overlord  
  147  7:16  Infestation Pit  
  147  7:21  Overlord  
  147  7:22  Roach x2  
  156  7:23  Roach x6  
  156  7:28  Pneumatized Carapace  
  158  7:33  Overlord  
  162  7:37  Roach x6  
  162  7:43  Ravager x4  
  175  7:45  Zergling x22  
  175  7:47  Zerg Melee Weapons Level 2  
  186  7:52  Zergling x14  
  186  7:57  Overlord  
  193  8:00  Zergling x6  
  193  8:01  Zergling x6  
  199  8:06  Baneling x12  
  199  8:07  Baneling x2  
  199  8:15  Baneling x6  
  198  8:21  Zergling x4  
  198  8:26  Baneling  
  198  8:27  Baneling x7  
  196  8:45  Baneling x9  
  196  8:46  Baneling x2  
  194  8:53  Zergling x30  
  194  8:57  Zergling x2  
  194  8:58  Zergling x22  
  184  9:04  Zergling x16  
  184  9:07  Queen  
  184  9:09  Zergling x12  
  176  9:13  Roach x3  
  176  9:16  Roach x2  
  170  9:21  Zergling x6  
  160  9:27  Roach x4  
  160  9:28  Extractor, Roach  
  160  9:29  Drone x3  
  172  9:33  Ravager  
  172  9:34  Ravager  
  176  9:38  Roach x5  
  176  9:44  Hatchery, Baneling  
  176  9:45  Baneling x16  
  183  9:49  Extractor, Zergling x2  
  183  9:50  Zergling x20  
  193  9:56  Baneling x9  
  193  9:57  Zergling x8  
  197  10:00  Zergling x4  
  197  10:04  Baneling x5  
  199  10:09  Zergling x2  
  190  10:15  Zergling x24  
  173  10:23  Zergling x2  
  173  10:24  Zergling x18  
  173  10:28  Infestation Pit, Zergling x2  
  179  10:31  Zerg Missile Weapons Level 1, Baneling x15  
  179  10:35  Drone x3  
  182  10:40  Zergling x16  
  189  10:51  Zergling x10  
  189  10:54  Baneling x10  
  194  11:00  Zergling x2  
  194  11:01  Zergling x10  
  200  11:05  Hive  
  200  11:08  Baneling x2  
  200  11:09  Baneling x10  
  180  11:27  Zergling x38  
  180  11:28  Zergling x2  
  196  11:33  Baneling  
  196  11:34  Baneling x23  
  196  11:37  Baneling  
  196  11:38  Baneling x3  
  193  11:41  Zergling x14  
  200  11:50  Baneling  
  200  11:51  Baneling x10  
  200  12:07  Baneling  
  200  12:08  Hatchery, Baneling x14  
  199  12:17  Zergling x2  
  199  12:19  Adrenal Glands  
  200  12:23  Baneling x6  
  198  12:31  Zergling x8  
  198  12:32  Zergling x22  
  198  12:34  Zergling x38  
  187  12:40  Zergling x2  
  187  12:41  Zergling x16  
  168  12:48  Baneling x6  
  168  12:49  Roach x3, Zergling x2  
  168  12:50  Ravager, Zergling x4  
  178  12:53  Baneling x7  
  178  12:57  Zergling x8  
  182  13:03  Baneling x15  
  181  13:07  Ravager  
  181  13:09  Zergling x16  
  189  13:18  Zerg Melee Weapons Level 3  
  188  13:24  Zergling x18  
  196  13:38  Baneling x9  
  196  13:39  Baneling x5  
  196  13:40  Hatchery  
  195  13:41  Overlord  
  195  13:45  Zergling x2  
  195  13:46  Zergling x2  
  196  13:58  Baneling  
  196  13:59  Baneling x14  
  194  14:10  Zergling x12  
  199  14:27  Overlord  
  199  14:36  Overlord  
  199  14:39  Baneling x9  
  199  14:55  Hatchery  
  199  14:57  Zergling x2  
  199  14:58  Zergling x2  
  198  15:26  Zergling x2  
  199  15:30  Baneling x11  
  199  15:31  Baneling x9  
  199  15:49  Baneling x12  
  199  15:55  Zerg Missile Weapons Level 2  
  199  15:56  Hatchery  
  198  16:00  Zergling x10  
  198  16:03  Hydralisk Den  
  199  16:24  Extractor  
  191  16:27  Zergling x24  
  200  16:35  Lurker Den, Muscular Augments  
  198  16:47  Zergling x48  
  183  16:50  Zergling x28  
  183  16:53  Roach  
  183  16:54  Roach x8  
  199  16:59  Baneling x13  
  195  17:04  Roach x2, Zergling x4  
  195  17:06  Baneling x21  
  197  17:15  Zergling x22  
  198  17:18  Roach x2  
  198  17:19  Roach, Zergling x16  
  198  17:22  Zergling x2  
  186  17:26  Hydralisk  
  186  17:27  Hydralisk x4  
  182  17:30  Hydralisk x3  
  182  17:32  Viper x2  
  182  17:35  Seismic Spines  
  194  17:45  Extractor  
  194  17:46  Extractor, Grooved Spines  
  190  17:56  Lurker x8  
  190  17:57  Hydralisk x3  
  190  18:11  Hatchery  
  189  18:14  Extractor  
  189  18:16  Extractor  
  186  18:22  Spore Crawler, Drone x3  
  186  18:24  Hatchery  
  186  18:25  Lurker  
  186  18:26  Lurker x2, Hydralisk x3  
  192  18:27  Zergling x6  
  192  18:33  Adaptive Talons  
  199  18:48  Zergling x30  
  196  18:51  Zergling x2  
  196  18:52  Zergling x26  
  198  18:57  Lurker  
  198  19:01  Lurker  
  192  19:16  Hydralisk x3  
  193  19:24  Hatchery  
  193  19:27  Hydralisk x2  
  199  19:36  Lurker  
  194  19:42  Zerg Missile Weapons Level 3  
  182  19:52  Zergling x2  
  182  19:53  Zergling x34  
  182  19:58  Hatchery, Zergling x10  
  197  20:07  Hydralisk  
  198  20:27  Lurker x5  
  198  20:37  Hydralisk x2  
  195  20:49  Hydralisk x2  
  196  21:04  Lurker x3  
  196  21:12  Viper  
  196  21:15  Viper  
  199  21:25  Hydralisk x5  
  193  21:31  Zergling x40  
  193  21:32  Zergling x4  
  193  21:38  Hydralisk x2  
  137  21:52  Hydralisk x8  
  137  21:53  Lurker  
  137  21:54  Lurker x3  
  138  21:59  Hydralisk x2  
  138  22:01  Zergling x2  
  139  22:09  Lurker  
  139  22:18  Lurker x2  
  139  22:49  Lurker  
  138  23:00  Hydralisk x2  
  138  23:03  Baneling x4  
  142  23:19  Lurker x2  
  144  23:48  Hatchery  
  133  24:05  Hydralisk x4  
  130  24:23  Roach x2  
  72  24:40  Zergling x10  
  61  24:46  Zergling x12  
  41  25:15  Roach  
  41  25:17  Roach  
Tags
 
Add a new tag
Caveats
  • Supply blocks, unpowered buildings, or Contaminate may cause inaccurate times.
  • Supply counts are checked every 10 seconds.